FLORIDA Panthers vs NASHVILLE Predators

Created - 11 mars 2024 at 20:37

Goals
1 2 3 T
FLORIDA Panthers 0 4 0 4
NASHVILLE Predators 0 2 0 2
Shots
1 2 3 T
FLORIDA Panthers 5 12 13 30
NASHVILLE Predators 12 6 12 30

1st period

No Goal

Penalties :
Carter Verhaeghe (FLO) for Cross-checking (Minor) at 2:32, Steven Stamkos (FLO) for Interference (Minor) at 9:58, Jimmy Vesey (NSH) for Hooking (Minor) at 19:41

2nd period

1. NASHVILLE Predators , Jonatan Berggren 3 (Brent Burns 22, Esa Lindell 29) at 2:21
2. NASHVILLE Predators , Johnny Gaudreau 16 (Dmitry Kulikov 9, Travis Hamonic 19) at 2:41
3. FLORIDA Panthers , Brock Nelson 10 (Matthew Tkachuk 28, Brady Skjei 26) at 3:11
4. FLORIDA Panthers , Josh Morrissey 9 (Matthew Tkachuk 29, Steven Stamkos 23) at 3:44
5. FLORIDA Panthers , Adam Henrique 5 (Brady Skjei 27, Yegor Sharangovich 7) at 10:21
6. FLORIDA Panthers , Adam Henrique 6 (Matt Irwin 5, Eetu Luostarinen 12) at 18:34

Penalties :
Dougie Hamilton (FLO) for Tripping (Minor) at 4:08, Dmitry Kulikov (NSH) for Tripping (Minor) at 7:04, Adam Henrique (FLO) for High sticking (Minor) at 7:04, Luke Schenn (NSH) for Interference (Minor) at 11:51

3rd period

No Goal

Penalties :
Tanner Jeannot (NSH) for Holding (Minor) at 2:04, Steven Stamkos (FLO) for Hooking (Minor) at 12:15

Goalie Stats

Darcy Kuemper (FLO), 28 saves from 30 shots - (0,933), W, 23-16-7, 60:00 minutes
Juuse Saros (NSH), 26 saves from 30 shots - (0,867), L, 32-10-5, 60:00 minutes

Players Stats for FLORIDA Panthers

Player Name              G  A  P  +/- PIM S  H  SB GA TA FO     MP     PP MP  PK MP  
------------------------------------------------------------------------------------
Adam Henrique            2  0  2   2  2   3  1  0  0  0  6/12   13:04   0:49   2:43 
Brady Skjei              0  2  2   2  0   1  2  2  0  0  0/0    25:46   2:25   4:13 
Brandon Saad             0  0  0   0  0   1  0  0  0  0  0/0    16:54   3:12   0:00 
Brock Nelson             1  0  1   1  0   2  0  0  0  0  1/2    22:53   1:55   5:00 
Carter Verhaeghe         0  0  0   0  2   0  0  0  0  0  1/3    16:26   2:45   0:00 
Connor Murphy            0  0  0   0  0   0  3  0  0  0  0/0    16:19   1:17   3:43 
Derek Grant              0  0  0  -1  0   0  0  0  0  0  4/7     5:13   0:00   0:00 
Dougie Hamilton          0  0  0   0  2   2  2  0  0  0  0/0    19:19   3:32   0:00 
Eetu Luostarinen         0  1  1   2  0   2  1  0  0  0  0/1    12:16   0:00   2:43 
Jordan Martinook         0  0  0  -1  0   1  0  0  0  0  0/0     6:15   0:49   0:13 
Josh Morrissey           1  0  1   2  0   5  3  2  0  0  0/0    24:45   2:15   3:30 
Matt Irwin               0  1  1   0  0   0  0  0  0  0  0/0    11:13   0:00   0:00 
Matthew Tkachuk          0  2  2   1  0   2  0  0  0  0  2/3    19:17   1:56   0:00 
Ryan McDonagh            0  0  0   0  0   3  2  2  0  0  0/0    22:37   2:25   4:26 
Ryan McLeod              0  0  0  -1  0   0  0  0  0  0  0/0     5:13   0:00   0:00 
Steven Stamkos           0  1  1   1  4   2  2  0  0  0  14/26  19:15   1:56   0:00 
Vincent Trocheck         0  0  0   0  0   4  3  0  0  0  17/35  22:25   3:12   5:13 
Yegor Sharangovich       0  1  1   2  0   2  0  0  0  0  0/1    10:50   1:17   0:00 

Players Stats for NASHVILLE Predators

Player Name              G  A  P  +/- PIM S  H  SB GA TA FO     MP     PP MP  PK MP  
------------------------------------------------------------------------------------
Aleksander Barkov        0  0  0   0  0   7  1  0  0  0  18/33  20:55   3:35   0:34 
Alex DeBrincat           0  0  0   0  0   3  0  0  0  0  0/0    22:10   3:35   1:49 
Brent Burns              0  1  1   0  0   1  2  1  0  0  0/0    23:48   3:35   0:03 
Dmitry Kulikov           0  1  1   0  2   2  3  1  0  0  0/0    12:42   0:00   1:21 
Dylan Gambrell           0  0  0   1  0   1  0  0  0  0  3/3     5:34   0:00   0:00 
Dylan Larkin             0  0  0  -3  0   5  3  0  0  0  11/26  17:53   4:21   0:00 
Esa Lindell              0  1  1  -1  0   0  0  1  0  0  0/0    23:18   4:21   3:07 
Jaccob Slavin            0  0  0  -1  0   0  3  1  0  0  0/0    25:20   3:35   2:50 
Jean-Gabriel Pageau      0  0  0   0  0   2  0  0  0  0  11/21  14:30   0:00   4:15 
Jimmy Vesey              0  0  0   0  2   0  0  0  0  0  0/0    10:49   0:00   0:35 
Johnny Gaudreau          1  0  1  -3  0   3  0  0  0  0  2/4    18:10   3:35   1:03 
Jonatan Berggren         1  0  1   1  0   1  1  0  0  0  0/0     5:34   0:00   0:00 
Luke Schenn              0  0  0  -2  2   0  1  1  0  0  0/0    16:20   0:00   1:46 
Nicholas Robertson       0  0  0   1  0   0  0  0  0  0  0/1     5:34   0:00   0:00 
Pavel Zacha              0  0  0  -3  0   2  2  0  0  0  0/2    18:36   4:21   1:08 
Reilly Smith             0  0  0   0  0   1  1  0  0  0  0/0    14:36   4:21   0:00 
Tanner Jeannot           0  0  0   0  2   2  1  0  0  0  0/0    17:41   0:00   2:30 
Travis Hamonic           0  1  1   0  0   0  1  0  0  0  0/0    18:30   4:21   2:47 

3 Stars

1 - Adam Henrique (FLO)
2 - Josh Morrissey (FLO)
3 - Brady Skjei (FLO)

Power Play

FLORIDA Panthers - 0 on 3 Attempt(s) - 0,00%
NASHVILLE Predators - 0 on 4 Attempt(s) - 0,00%

Penalty Kill

FLORIDA Panthers - 4 on 4 Attempt(s) - 100,00% - Score 0 goal in Penalty Kill
NASHVILLE Predators - 3 on 3 Attempt(s) - 100,00% - Score 0 goal in Penalty Kill

Team Stat

FLORIDA Panthers - Hits : 19 - Faceoff Wins : 45 - Blocked Shots : 6 - Penalty Minutes : 10
NASHVILLE Predators - Hits : 19 - Faceoff Wins : 45 - Blocked Shots : 5 - Penalty Minutes : 8

Official

Referees : MacKenzie Welter and Bill Hetherington
Linesman : Erin Blair and Derek Nansen

Game Notes

No Game Note

Finance

Level 1 -- Attendance: 5811 (83,01%) -- Ticket Income $552,045
Level 2 -- Attendance: 5314 (88,57%) -- Ticket Income $292,270
Level 3 -- Attendance: 2307 (76,90%) -- Ticket Income $73,824
Level 4 -- Attendance: 4229 (84,58%) -- Ticket Income $84,580
Luxury Box -- Attendance: 778 (74,81%) -- Ticket Income $155,600
Game was played at the Bridgestone Arena.
Total Attendance: 18439 (83,66%)
Total Ticket Income: $1,158,319
Other Income: $289,580
Total Income: $1,447,899

FLORIDA Panthers

5 vs 5 Forward 
   Center                   Left Wing                Right Wing               Time % Phy DF OF 
 1 Steven Stamkos           Brock Nelson             Matthew Tkachuk          40     1   2  2  
 2 Vincent Trocheck         Carter Verhaeghe         Brandon Saad             30     1   2  2  
 3 Adam Henrique            Eetu Luostarinen         Yegor Sharangovich       20     1   2  2  
 4 Derek Grant              Ryan McLeod              Jordan Martinook         10     1   2  2  

5 vs 5 Defense 
   Defense                  Defense                                           Time % Phy DF OF 
 1 Josh Morrissey           Brady Skjei                                       40     1   2  2  
 2 Dougie Hamilton          Ryan McDonagh                                     30     1   2  2  
 3 Connor Murphy            Matt Irwin                                        20     1   2  2  
 4 Josh Morrissey           Ryan McDonagh                                     10     1   2  2  

PowerPlay Forward 
   Center                   Left Wing                Right Wing               Time % Phy DF OF 
 1 Steven Stamkos           Carter Verhaeghe         Matthew Tkachuk          60     1   1  3  
 2 Vincent Trocheck         Brock Nelson             Brandon Saad             40     1   1  3  

PowerPlay Defense
   Defense                  Defense                                           Time % Phy DF OF 
 1 Josh Morrissey           Dougie Hamilton                                   60     1   1  3  
 2 Brady Skjei              Ryan McDonagh                                     40     1   1  3  

Penalty Kill 4 Players Forward 
   Center                   Wing                     Time % Phy DF OF 
 1 Vincent Trocheck         Brock Nelson             60     1   3  1  
 2 Adam Henrique            Eetu Luostarinen         40     1   4  0  

Penalty Kill 4 Players Defense
   Defense                  Defense                  Time % Phy DF OF 
 1 Ryan McDonagh            Brady Skjei              60     1   3  1  
 2 Connor Murphy            Josh Morrissey           40     1   3  1  

Penalty Kill - 3 Players Forward 
   Forward                                           Time % Phy DF OF 
 1 Eetu Luostarinen                                  60     0   5  0  
 2 Vincent Trocheck                                  40     0   5  0  

Penalty Kill - 3 Players Defense
   Defense                  Defense                  Time % Phy DF OF 
 1 Connor Murphy            Ryan McDonagh            60     1   4  0  
 2 Brady Skjei              Josh Morrissey           40     1   4  0  

4 vs 4 Forward 
   Center                   Wing                     Time % Phy DF OF 
 1 Steven Stamkos           Matthew Tkachuk          60     1   2  2  
 2 Vincent Trocheck         Brock Nelson             40     1   2  2  

4 vs 4 Defense
   Defense                  Defense                  Time % Phy DF OF 
 1 Josh Morrissey           Ryan McDonagh            60     1   2  2  
 2 Brady Skjei              Dougie Hamilton          40     1   2  2  

Last Minutes Offensive
   Center                   Left Wing                Right Wing               Defense                  Defense                  
   Steven Stamkos           Carter Verhaeghe         Matthew Tkachuk          Josh Morrissey           Dougie Hamilton          

Last Minutes Defensive
   Center                   Left Wing                Right Wing               Defense                  Defense                  
   Vincent Trocheck         Brock Nelson             Brandon Saad             Ryan McDonagh            Brady Skjei              

Goaltenders
Starting : Darcy Kuemper            
Backup : Cayden Primeau           

Extra Forwards
Normal : Matthew Tkachuk, Steven Stamkos, Eetu Luostarinen - PP : Yegor Sharangovich, Adam Henrique - PK : Eetu Luostarinen
Extra Defensemen
Normal : Connor Murphy, Dougie Hamilton, Brady Skjei - PP : Dougie Hamilton - PK : Ryan McDonagh, Brady Skjei
Penalty Shots
Steven Stamkos, Matthew Tkachuk, Brock Nelson, Vincent Trocheck, Carter Verhaeghe

Scratches
None

NASHVILLE Predators

5 vs 5 Forward 
   Center                   Left Wing                Right Wing               Time % Phy DF OF 
 1 Aleksander Barkov        Alex DeBrincat           Tanner Jeannot           40     0   2  3  
 2 Dylan Larkin             Johnny Gaudreau          Pavel Zacha              30     0   2  3  
 3 Jean-Gabriel Pageau      Jimmy Vesey              Reilly Smith             20     2   2  1  
 4 Dylan Gambrell           Nicholas Robertson       Jonatan Berggren         10     1   2  2  

5 vs 5 Defense 
   Defense                  Defense                                           Time % Phy DF OF 
 1 Brent Burns              Jaccob Slavin                                     40     0   3  2  
 2 Esa Lindell              Luke Schenn                                       30     1   2  2  
 3 Travis Hamonic           Dmitry Kulikov                                    20     1   3  1  
 4 Esa Lindell              Brent Burns                                       10     1   2  2  

PowerPlay Forward 
   Center                   Left Wing                Right Wing               Time % Phy DF OF 
 1 Aleksander Barkov        Johnny Gaudreau          Alex DeBrincat           60     0   1  4  
 2 Dylan Larkin             Reilly Smith             Pavel Zacha              40     0   1  4  

PowerPlay Defense
   Defense                  Defense                                           Time % Phy DF OF 
 1 Brent Burns              Jaccob Slavin                                     60     1   1  3  
 2 Esa Lindell              Travis Hamonic                                    40     1   1  3  

Penalty Kill 4 Players Forward 
   Center                   Wing                     Time % Phy DF OF 
 1 Jean-Gabriel Pageau      Tanner Jeannot           60     1   3  1  
 2 Pavel Zacha              Jimmy Vesey              40     1   3  1  

Penalty Kill 4 Players Defense
   Defense                  Defense                  Time % Phy DF OF 
 1 Travis Hamonic           Jaccob Slavin            60     1   3  1  
 2 Esa Lindell              Luke Schenn              40     1   3  1  

Penalty Kill - 3 Players Forward 
   Forward                                           Time % Phy DF OF 
 1 Aleksander Barkov                                 60     1   3  1  
 2 Jean-Gabriel Pageau                               40     1   3  1  

Penalty Kill - 3 Players Defense
   Defense                  Defense                  Time % Phy DF OF 
 1 Brent Burns              Jaccob Slavin            60     1   3  1  
 2 Esa Lindell              Luke Schenn              40     1   3  1  

4 vs 4 Forward 
   Center                   Wing                     Time % Phy DF OF 
 1 Aleksander Barkov        Alex DeBrincat           60     1   2  2  
 2 Dylan Larkin             Johnny Gaudreau          40     1   2  2  

4 vs 4 Defense
   Defense                  Defense                  Time % Phy DF OF 
 1 Brent Burns              Jaccob Slavin            60     1   2  2  
 2 Esa Lindell              Luke Schenn              40     1   2  2  

Last Minutes Offensive
   Center                   Left Wing                Right Wing               Defense                  Defense                  
   Aleksander Barkov        Alex DeBrincat           Reilly Smith             Brent Burns              Jaccob Slavin            

Last Minutes Defensive
   Center                   Left Wing                Right Wing               Defense                  Defense                  
   Aleksander Barkov        Alex DeBrincat           Reilly Smith             Brent Burns              Jaccob Slavin            

Goaltenders
Starting : Juuse Saros              
Backup : Charlie Lindgren         

Extra Forwards
Normal : Jean-Gabriel Pageau, Jimmy Vesey, Tanner Jeannot - PP : Jean-Gabriel Pageau, Jimmy Vesey - PK : Tanner Jeannot
Extra Defensemen
Normal : Travis Hamonic, Dmitry Kulikov, Luke Schenn - PP : Travis Hamonic - PK : Dmitry Kulikov, Luke Schenn
Penalty Shots
Alex DeBrincat, Dylan Larkin, Johnny Gaudreau, Aleksander Barkov, Reilly Smith

Scratches
None


% Time on Ice - FLORIDA Panthers

Lines # - Real PCT - Wanted PCT - Time Play
Normal Forward
1 - 35% - 40% - 15:40
2 - 31% - 30% - 13:42
3 - 22% - 20% - 9:33
4 - 12% - 10% - 5:13
Normal Defense
1 - 40% - 40% - 17:51
2 - 33% - 30% - 14:37
3 - 25% - 20% - 11:13
4 - 1% - 10% - 0:27
PP Forward
1 - 46% - 60% - 2:45
2 - 54% - 40% - 3:12
PP Defense
1 - 59% - 60% - 3:32
2 - 41% - 40% - 2:25
PK Forward
1 - 66% - 60% - 5:13
2 - 34% - 40% - 2:43
PK Defense
1 - 56% - 60% - 4:26
2 - 44% - 40% - 3:30
PK3 Forward
1 - 0% - 60%
2 - 0% - 40%
PK3 Defense
1 - 0% - 60%
2 - 0% - 40%
44 Forward
1 - 85% - 60% - 1:41
2 - 15% - 40% - 0:18
44 Defense
1 - 35% - 60% - 0:42
2 - 65% - 40% - 1:17
Last Minute Offensive  - 0:00
Last Minute Defensive  - 0:00
Total
Forward - 60:00
Defense - 60:00

% Time on Ice - NASHVILLE Predators

Lines # - Real PCT - Wanted PCT - Time Play
Normal Forward
1 - 34% - 40% - 15:12
2 - 30% - 30% - 13:07
3 - 23% - 20% - 10:15
4 - 13% - 10% - 5:34
Normal Defense
1 - 40% - 40% - 17:35
2 - 32% - 30% - 13:56
3 - 26% - 20% - 11:22
4 - 3% - 10% - 1:15
PP Forward
1 - 45% - 60% - 3:35
2 - 55% - 40% - 4:21
PP Defense
1 - 45% - 60% - 3:35
2 - 55% - 40% - 4:21
PK Forward
1 - 81% - 60% - 4:49
2 - 19% - 40% - 1:08
PK Defense
1 - 47% - 60% - 2:47
2 - 53% - 40% - 3:10
PK3 Forward
1 - 0% - 60%
2 - 0% - 40%
PK3 Defense
1 - 0% - 60%
2 - 0% - 40%
44 Forward
1 - 79% - 60% - 1:34
2 - 21% - 40% - 0:25
44 Defense
1 - 67% - 60% - 1:20
2 - 33% - 40% - 0:39
Last Minute Offensive  - 0:00
Last Minute Defensive  - 0:00
Total
Forward - 60:00
Defense - 60:00

Play-by-Play

1st period


0:01 of 1st period - Aleksander Barkov wins face-off versus Steven Stamkos in neutral zone.
0:32 of 1st period - Shot by Steven Stamkos.
0:32 of 1st period - Stopped by Juuse Saros without a rebound.
0:33 of 1st period - Dylan Larkin wins face-off versus Vincent Trocheck in NASHVILLE Predators zone.
0:51 of 1st period - Icing by Esa Lindell.
0:52 of 1st period - Dylan Larkin wins face-off versus Yegor Sharangovich in NASHVILLE Predators zone.
0:52 of 1st period - Dylan Larkin is hit by Eetu Luostarinen.
1:24 of 1st period - Icing by Luke Schenn.
1:25 of 1st period - Dylan Larkin wins face-off versus Derek Grant in NASHVILLE Predators zone.
1:38 of 1st period - Shot by Johnny Gaudreau.
1:38 of 1st period - Stopped by Darcy Kuemper with a rebound.
1:51 of 1st period - Icing by Travis Hamonic.
1:52 of 1st period - Vincent Trocheck wins face-off versus Jean-Gabriel Pageau in NASHVILLE Predators zone.
2:01 of 1st period - Reilly Smith is hit by Vincent Trocheck and loses puck.
2:17 of 1st period - Shot by Matt Irwin.
2:17 of 1st period - Shot Misses the Net.
2:32 of 1st period - Minor Penalty to Carter Verhaeghe for Cross-checking.
2:33 of 1st period - Vincent Trocheck wins face-off versus Aleksander Barkov in FLORIDA Panthers zone.
2:49 of 1st period - Shot by Aleksander Barkov.
2:49 of 1st period - Shot Misses the Net.
2:51 of 1st period - Shot by Johnny Gaudreau.
2:51 of 1st period - Stopped by Darcy Kuemper without a rebound.
2:52 of 1st period - Adam Henrique wins face-off versus Dylan Larkin in FLORIDA Panthers zone.
3:06 of 1st period - Reilly Smith is hit by Brady Skjei.
3:18 of 1st period - Shot by Dylan Larkin.
3:18 of 1st period - Stopped by Darcy Kuemper with a rebound.
3:20 of 1st period - Shot by Pavel Zacha.
3:20 of 1st period - Stopped by Darcy Kuemper without a rebound.
3:21 of 1st period - Aleksander Barkov wins face-off versus Adam Henrique in FLORIDA Panthers zone.
3:58 of 1st period - Shot by Jaccob Slavin.
3:58 of 1st period - Shot Misses the Net.
4:00 of 1st period - Shot by Aleksander Barkov.
4:00 of 1st period - Stopped by Darcy Kuemper without a rebound.
4:01 of 1st period - Vincent Trocheck wins face-off versus Dylan Larkin in FLORIDA Panthers zone.
4:10 of 1st period - Brady Skjei is hit by Dylan Larkin and loses puck.
4:17 of 1st period - Shot by Travis Hamonic.
4:17 of 1st period - Shot Blocked by Ryan McDonagh.
4:19 of 1st period - Shot by Pavel Zacha.
4:19 of 1st period - Shot Misses the Net.
4:21 of 1st period - Shot by Dylan Larkin.
4:21 of 1st period - Shot Blocked by Ryan McDonagh.
4:27 of 1st period - Shot by Dylan Larkin.
4:27 of 1st period - Stopped by Darcy Kuemper without a rebound.
4:28 of 1st period - Aleksander Barkov wins face-off versus Vincent Trocheck in FLORIDA Panthers zone.
4:28 of 1st period - Aleksander Barkov is hit by Connor Murphy.
4:56 of 1st period - Shot by Jordan Martinook.
4:56 of 1st period - Shot Misses the Net.
5:34 of 1st period - Shot by Brock Nelson.
5:34 of 1st period - Stopped by Juuse Saros without a rebound.
5:35 of 1st period - Adam Henrique wins face-off versus Aleksander Barkov in NASHVILLE Predators zone.
5:42 of 1st period - Shot by Eetu Luostarinen.
5:42 of 1st period - Shot Misses the Net.
7:04 of 1st period - Shot by Pavel Zacha.
7:04 of 1st period - Shot Misses the Net.
7:10 of 1st period - Shot by Brock Nelson.
7:10 of 1st period - Shot Misses the Net.
7:28 of 1st period - Jaccob Slavin is hit by Steven Stamkos and loses puck.
7:39 of 1st period - Shot by Jean-Gabriel Pageau.
7:39 of 1st period - Stopped by Darcy Kuemper without a rebound.
7:40 of 1st period - Vincent Trocheck wins face-off versus Nicholas Robertson in FLORIDA Panthers zone.
7:53 of 1st period - Shot by Brandon Saad.
7:53 of 1st period - Deflect By Vincent Trocheck.
7:53 of 1st period - Shot Misses the Net.
8:01 of 1st period - Shot by Ryan McDonagh.
8:01 of 1st period - Stopped by Juuse Saros without a rebound.
8:02 of 1st period - Derek Grant wins face-off versus Aleksander Barkov in NASHVILLE Predators zone.
8:15 of 1st period - Shot by Jordan Martinook.
8:15 of 1st period - Stopped by Juuse Saros without a rebound.
8:16 of 1st period - Vincent Trocheck wins face-off versus Jean-Gabriel Pageau in NASHVILLE Predators zone.
9:03 of 1st period - Icing by Reilly Smith.
9:04 of 1st period - Brock Nelson wins face-off versus Jean-Gabriel Pageau in NASHVILLE Predators zone.
9:05 of 1st period - Shot by Steven Stamkos.
9:05 of 1st period - Shot Hit the Post.
9:07 of 1st period - Shot by Matthew Tkachuk.
9:07 of 1st period - Stopped by Juuse Saros without a rebound.
9:08 of 1st period - Steven Stamkos wins face-off versus Aleksander Barkov in NASHVILLE Predators zone.
9:12 of 1st period - Icing by Alex DeBrincat.
9:13 of 1st period - Steven Stamkos wins face-off versus Aleksander Barkov in NASHVILLE Predators zone.
9:58 of 1st period - Minor Penalty to Steven Stamkos for Interference.
9:59 of 1st period - Dylan Larkin wins face-off versus Vincent Trocheck in FLORIDA Panthers zone.
10:40 of 1st period - Shot by Reilly Smith.
10:40 of 1st period - Stopped by Darcy Kuemper without a rebound.
10:41 of 1st period - Adam Henrique wins face-off versus Johnny Gaudreau in FLORIDA Panthers zone.
12:14 of 1st period - Icing by Ryan McLeod.
12:15 of 1st period - Derek Grant wins face-off versus Jean-Gabriel Pageau in FLORIDA Panthers zone.
12:15 of 1st period - Derek Grant is hit by Reilly Smith.
12:38 of 1st period - Jordan Martinook is hit by Dmitry Kulikov and loses puck.
13:01 of 1st period - Shot by Brady Skjei.
13:01 of 1st period - Shot Blocked by Brent Burns.
13:12 of 1st period - Icing by Brent Burns.
13:13 of 1st period - Aleksander Barkov wins face-off versus Steven Stamkos in NASHVILLE Predators zone.
13:20 of 1st period - Shot by Aleksander Barkov.
13:20 of 1st period - Stopped by Darcy Kuemper with a rebound.
13:38 of 1st period - Shot by Aleksander Barkov.
13:38 of 1st period - Stopped by Darcy Kuemper without a rebound.
13:39 of 1st period - Vincent Trocheck wins face-off versus Dylan Larkin in FLORIDA Panthers zone.
13:39 of 1st period - Vincent Trocheck is hit by Dylan Larkin.
14:05 of 1st period - Carter Verhaeghe is hit by Dylan Larkin and loses puck.
15:34 of 1st period - Dmitry Kulikov is hit by Connor Murphy.
15:49 of 1st period - Icing by Travis Hamonic.
15:50 of 1st period - Derek Grant wins face-off versus Jean-Gabriel Pageau in NASHVILLE Predators zone.
15:57 of 1st period - Shot by Jordan Martinook.
15:57 of 1st period - Shot Misses the Net.
16:07 of 1st period - Shot by Dmitry Kulikov.
16:07 of 1st period - Shot Blocked by Brady Skjei.
16:11 of 1st period - Shot by Jean-Gabriel Pageau.
16:11 of 1st period - Stopped by Darcy Kuemper without a rebound.
16:12 of 1st period - Carter Verhaeghe wins face-off versus Dylan Larkin in FLORIDA Panthers zone.
16:23 of 1st period - Shot by Carter Verhaeghe.
16:23 of 1st period - Shot Misses the Net.
16:29 of 1st period - Shot by Vincent Trocheck.
16:29 of 1st period - Shot Misses the Net.
16:36 of 1st period - Off-side.
16:37 of 1st period - Aleksander Barkov wins face-off versus Steven Stamkos in neutral zone.
16:39 of 1st period - Alex DeBrincat is hit by Dougie Hamilton.
16:51 of 1st period - Shot by Alex DeBrincat.
16:51 of 1st period - Shot Misses the Net.
16:53 of 1st period - Shot by Tanner Jeannot.
16:53 of 1st period - Stopped by Darcy Kuemper without a rebound.
16:54 of 1st period - Adam Henrique wins face-off versus Dylan Larkin in FLORIDA Panthers zone.
17:25 of 1st period - Shot by Eetu Luostarinen.
17:25 of 1st period - Shot Misses the Net.
18:29 of 1st period - Shot by Alex DeBrincat.
18:29 of 1st period - Shot Misses the Net.
18:36 of 1st period - Steven Stamkos is hit by Brent Burns and loses puck.
18:56 of 1st period - Steven Stamkos is hit by Jaccob Slavin and loses puck.
19:41 of 1st period - Minor Penalty to Jimmy Vesey for Hooking.
19:42 of 1st period - Jean-Gabriel Pageau wins face-off versus Steven Stamkos in NASHVILLE Predators zone.
Goals for this period are 0 for FLORIDA Panthers vs 0 for NASHVILLE Predators.
Shots for this period are 5 for FLORIDA Panthers vs 12 for NASHVILLE Predators.

2nd period


0:01 of 2nd period - Matthew Tkachuk wins face-off versus Jean-Gabriel Pageau in neutral zone.
0:24 of 2nd period - Shot by Matthew Tkachuk.
0:24 of 2nd period - Shot Misses the Net.
0:26 of 2nd period - Shot by Matthew Tkachuk.
0:26 of 2nd period - Shot Misses the Net.
0:28 of 2nd period - Shot by Josh Morrissey.
0:28 of 2nd period - Shot Misses the Net.
0:30 of 2nd period - Shot by Steven Stamkos.
0:30 of 2nd period - Shot Hit the Post.
0:44 of 2nd period - Shot by Dougie Hamilton.
0:44 of 2nd period - Shot Misses the Net.
1:10 of 2nd period - Shot by Ryan McDonagh.
1:10 of 2nd period - Stopped by Juuse Saros without a rebound.
1:11 of 2nd period - Jean-Gabriel Pageau wins face-off versus Vincent Trocheck in NASHVILLE Predators zone.
1:57 of 2nd period - Icing by Esa Lindell.
1:58 of 2nd period - Dylan Gambrell wins face-off versus Derek Grant in NASHVILLE Predators zone.
2:21 of 2nd period - Shot by Jonatan Berggren.
2:21 of 2nd period - Goal by Jonatan Berggren - FLORIDA Panthers : 0 - NASHVILLE Predators : 1.
2:22 of 2nd period - Steven Stamkos wins face-off versus Dylan Larkin in neutral zone.
2:41 of 2nd period - Shot by Johnny Gaudreau.
2:41 of 2nd period - Goal by Johnny Gaudreau - FLORIDA Panthers : 0 - NASHVILLE Predators : 2.
2:42 of 2nd period - Aleksander Barkov wins face-off versus Vincent Trocheck in neutral zone.
2:44 of 2nd period - Jaccob Slavin is hit by Ryan McDonagh and loses puck.
2:50 of 2nd period - Vincent Trocheck is hit by Jaccob Slavin and loses puck.
2:55 of 2nd period - Shot by Brandon Saad.
2:55 of 2nd period - Stopped by Juuse Saros without a rebound.
2:56 of 2nd period - Steven Stamkos wins face-off versus Dylan Larkin in NASHVILLE Predators zone.
2:57 of 2nd period - Shot by Matthew Tkachuk.
2:57 of 2nd period - Shot Misses the Net.
2:59 of 2nd period - Shot by Josh Morrissey.
2:59 of 2nd period - Stopped by Juuse Saros with a rebound.
3:09 of 2nd period - Shot by Matthew Tkachuk.
3:09 of 2nd period - Shot Misses the Net.
3:11 of 2nd period - Shot by Brock Nelson.
3:11 of 2nd period - Goal by Brock Nelson - FLORIDA Panthers : 1 - NASHVILLE Predators : 2.
3:12 of 2nd period - Vincent Trocheck wins face-off versus Aleksander Barkov in neutral zone.
3:19 of 2nd period - Shot by Ryan McDonagh.
3:19 of 2nd period - Stopped by Juuse Saros with a rebound.
3:31 of 2nd period - Shot by Vincent Trocheck.
3:31 of 2nd period - Stopped by Juuse Saros without a rebound.
3:32 of 2nd period - Steven Stamkos wins face-off versus Johnny Gaudreau in NASHVILLE Predators zone.
3:42 of 2nd period - Shot by Matthew Tkachuk.
3:42 of 2nd period - Shot Misses the Net.
3:44 of 2nd period - Shot by Josh Morrissey.
3:44 of 2nd period - Goal by Josh Morrissey - FLORIDA Panthers : 2 - NASHVILLE Predators : 2.
3:45 of 2nd period - Aleksander Barkov wins face-off versus Vincent Trocheck in neutral zone.
4:08 of 2nd period - Minor Penalty to Dougie Hamilton for Tripping.
4:09 of 2nd period - Dylan Larkin wins face-off versus Vincent Trocheck in FLORIDA Panthers zone.
4:15 of 2nd period - Dylan Larkin is hit by Connor Murphy and loses puck.
4:19 of 2nd period - Dylan Larkin is hit by Josh Morrissey and loses puck.
4:58 of 2nd period - Ryan McDonagh is hit by Pavel Zacha and loses puck.
5:23 of 2nd period - Shot by Adam Henrique.
5:23 of 2nd period - Stopped by Juuse Saros without a rebound.
5:24 of 2nd period - Johnny Gaudreau wins face-off versus Vincent Trocheck in NASHVILLE Predators zone.
5:49 of 2nd period - Icing by Aleksander Barkov.
5:50 of 2nd period - Vincent Trocheck wins face-off versus Aleksander Barkov in NASHVILLE Predators zone.
6:11 of 2nd period - Shot by Dylan Gambrell.
6:11 of 2nd period - Stopped by Darcy Kuemper without a rebound.
6:12 of 2nd period - Jean-Gabriel Pageau wins face-off versus Eetu Luostarinen in FLORIDA Panthers zone.
7:04 of 2nd period - Minor Penalty to Dmitry Kulikov for Tripping.
7:04 of 2nd period - Minor Penalty to Adam Henrique for High sticking.
7:05 of 2nd period - Steven Stamkos wins face-off versus Aleksander Barkov in NASHVILLE Predators zone.
7:26 of 2nd period - Shot by Brady Skjei.
7:26 of 2nd period - Stopped by Juuse Saros with a rebound.
7:28 of 2nd period - Shot by Matthew Tkachuk.
7:28 of 2nd period - Shot Blocked by Jaccob Slavin.
7:37 of 2nd period - Off-side.
7:38 of 2nd period - Aleksander Barkov wins face-off versus Steven Stamkos in neutral zone.
8:31 of 2nd period - Shot by Dylan Larkin.
8:31 of 2nd period - Stopped by Darcy Kuemper without a rebound.
8:32 of 2nd period - Aleksander Barkov wins face-off versus Vincent Trocheck in FLORIDA Panthers zone.
8:37 of 2nd period - Shot by Alex DeBrincat.
8:37 of 2nd period - Stopped by Darcy Kuemper without a rebound.
8:38 of 2nd period - Steven Stamkos wins face-off versus Aleksander Barkov in FLORIDA Panthers zone.
8:58 of 2nd period - Icing by Dougie Hamilton.
8:59 of 2nd period - Steven Stamkos wins face-off versus Dylan Larkin in FLORIDA Panthers zone.
9:07 of 2nd period - Dougie Hamilton is hit by Dmitry Kulikov and loses puck.
9:22 of 2nd period - Shot by Brandon Saad.
9:22 of 2nd period - Shot Misses the Net.
10:21 of 2nd period - Shot by Adam Henrique.
10:21 of 2nd period - Goal by Adam Henrique - FLORIDA Panthers : 3 - NASHVILLE Predators : 2.
10:22 of 2nd period - Aleksander Barkov wins face-off versus Derek Grant in neutral zone.
10:33 of 2nd period - Shot by Tanner Jeannot.
10:33 of 2nd period - Stopped by Darcy Kuemper without a rebound.
10:34 of 2nd period - Dylan Gambrell wins face-off versus Matthew Tkachuk in FLORIDA Panthers zone.
10:40 of 2nd period - Dylan Gambrell is hit by Josh Morrissey and loses puck.
10:49 of 2nd period - Shot by Matthew Tkachuk.
10:49 of 2nd period - Shot Misses the Net.
11:05 of 2nd period - Steven Stamkos is hit by Brent Burns and loses puck.
11:24 of 2nd period - Steven Stamkos is hit by Jonatan Berggren.
11:51 of 2nd period - Minor Penalty to Luke Schenn for Interference.
11:52 of 2nd period - Jean-Gabriel Pageau wins face-off versus Vincent Trocheck in NASHVILLE Predators zone.
12:52 of 2nd period - Shot by Ryan McDonagh.
12:52 of 2nd period - Shot Misses the Net.
13:12 of 2nd period - Icing by Brandon Saad.
13:13 of 2nd period - Vincent Trocheck wins face-off versus Pavel Zacha in FLORIDA Panthers zone.
13:13 of 2nd period - Vincent Trocheck is hit by Pavel Zacha.
15:25 of 2nd period - Icing by Luke Schenn.
15:26 of 2nd period - Dylan Larkin wins face-off versus Steven Stamkos in NASHVILLE Predators zone.
15:30 of 2nd period - Esa Lindell is hit by Ryan McDonagh and loses puck.
16:24 of 2nd period - Shot by Vincent Trocheck.
16:24 of 2nd period - Stopped by Juuse Saros without a rebound.
16:25 of 2nd period - Jean-Gabriel Pageau wins face-off versus Vincent Trocheck in NASHVILLE Predators zone.
16:33 of 2nd period - Icing by Jaccob Slavin.
16:34 of 2nd period - Jean-Gabriel Pageau wins face-off versus Vincent Trocheck in NASHVILLE Predators zone.
16:40 of 2nd period - Carter Verhaeghe is hit by Jaccob Slavin and loses puck.
17:56 of 2nd period - Shot by Steven Stamkos.
17:56 of 2nd period - Deflect By Matthew Tkachuk.
17:56 of 2nd period - Shot Blocked by Luke Schenn.
18:06 of 2nd period - Shot by Steven Stamkos.
18:06 of 2nd period - Shot Misses the Net.
18:30 of 2nd period - Shot by Eetu Luostarinen.
18:30 of 2nd period - Shot Misses the Net.
18:34 of 2nd period - Shot by Adam Henrique.
18:34 of 2nd period - Goal by Adam Henrique - FLORIDA Panthers : 4 - NASHVILLE Predators : 2.
18:35 of 2nd period - Derek Grant wins face-off versus Aleksander Barkov in neutral zone.
18:37 of 2nd period - Off-side.
18:38 of 2nd period - Aleksander Barkov wins face-off versus Adam Henrique in neutral zone.
18:58 of 2nd period - Off-side.
18:59 of 2nd period - Vincent Trocheck wins face-off versus Jean-Gabriel Pageau in neutral zone.
19:01 of 2nd period - Carter Verhaeghe is hit by Dmitry Kulikov and loses puck.
19:13 of 2nd period - Shot by Carter Verhaeghe.
19:13 of 2nd period - Shot Misses the Net.
19:39 of 2nd period - Shot by Jimmy Vesey.
19:39 of 2nd period - Shot Misses the Net.
Goals for this period are 4 for FLORIDA Panthers vs 2 for NASHVILLE Predators.
Shots for this period are 12 for FLORIDA Panthers vs 6 for NASHVILLE Predators.

3rd period


0:01 of 3rd period - Aleksander Barkov wins face-off versus Steven Stamkos in neutral zone.
0:17 of 3rd period - Shot by Alex DeBrincat.
0:17 of 3rd period - Stopped by Darcy Kuemper without a rebound.
0:18 of 3rd period - Vincent Trocheck wins face-off versus Dylan Larkin in FLORIDA Panthers zone.
0:31 of 3rd period - Icing by Luke Schenn.
0:32 of 3rd period - Steven Stamkos wins face-off versus Dylan Larkin in NASHVILLE Predators zone.
0:37 of 3rd period - Shot by Matthew Tkachuk.
0:37 of 3rd period - Shot Misses the Net.
0:42 of 3rd period - Dylan Larkin is hit by Josh Morrissey.
2:04 of 3rd period - Minor Penalty to Tanner Jeannot for Holding.
2:05 of 3rd period - Vincent Trocheck wins face-off versus Jean-Gabriel Pageau in NASHVILLE Predators zone.
2:06 of 3rd period - Shot by Dougie Hamilton.
2:06 of 3rd period - Stopped by Juuse Saros without a rebound.
2:07 of 3rd period - Jean-Gabriel Pageau wins face-off versus Vincent Trocheck in NASHVILLE Predators zone.
2:38 of 3rd period - Shot by Connor Murphy.
2:38 of 3rd period - Shot Misses the Net.
2:40 of 3rd period - Shot by Yegor Sharangovich.
2:40 of 3rd period - Stopped by Juuse Saros without a rebound.
2:41 of 3rd period - Jean-Gabriel Pageau wins face-off versus Adam Henrique in NASHVILLE Predators zone.
3:07 of 3rd period - Icing by Jordan Martinook.
3:08 of 3rd period - Jean-Gabriel Pageau wins face-off versus Carter Verhaeghe in FLORIDA Panthers zone.
3:56 of 3rd period - Shot by Dougie Hamilton.
3:56 of 3rd period - Shot Misses the Net.
3:58 of 3rd period - Shot by Josh Morrissey.
3:58 of 3rd period - Stopped by Juuse Saros without a rebound.
3:59 of 3rd period - Jean-Gabriel Pageau wins face-off versus Steven Stamkos in NASHVILLE Predators zone.
4:30 of 3rd period - Shot by Eetu Luostarinen.
4:30 of 3rd period - Stopped by Juuse Saros without a rebound.
4:31 of 3rd period - Vincent Trocheck wins face-off versus Dylan Larkin in NASHVILLE Predators zone.
4:46 of 3rd period - Shot by Vincent Trocheck.
4:46 of 3rd period - Stopped by Juuse Saros with a rebound.
5:24 of 3rd period - Shot by Steven Stamkos.
5:24 of 3rd period - Stopped by Juuse Saros without a rebound.
5:25 of 3rd period - Steven Stamkos wins face-off versus Aleksander Barkov in NASHVILLE Predators zone.
5:55 of 3rd period - Shot by Aleksander Barkov.
5:55 of 3rd period - Shot Misses the Net.
6:05 of 3rd period - Shot by Aleksander Barkov.
6:05 of 3rd period - Stopped by Darcy Kuemper without a rebound.
6:06 of 3rd period - Adam Henrique wins face-off versus Jean-Gabriel Pageau in FLORIDA Panthers zone.
6:10 of 3rd period - Eetu Luostarinen is hit by Luke Schenn and loses puck.
6:34 of 3rd period - Off-side.
6:35 of 3rd period - Johnny Gaudreau wins face-off versus Vincent Trocheck in neutral zone.
6:38 of 3rd period - Shot by Dmitry Kulikov.
6:38 of 3rd period - Stopped by Darcy Kuemper without a rebound.
6:39 of 3rd period - Aleksander Barkov wins face-off versus Steven Stamkos in FLORIDA Panthers zone.
6:48 of 3rd period - Shot by Aleksander Barkov.
6:48 of 3rd period - Shot Misses the Net.
7:20 of 3rd period - Shot by Brady Skjei.
7:20 of 3rd period - Shot Misses the Net.
7:22 of 3rd period - Shot by Josh Morrissey.
7:22 of 3rd period - Stopped by Juuse Saros without a rebound.
7:23 of 3rd period - Vincent Trocheck wins face-off versus Dylan Larkin in NASHVILLE Predators zone.
8:49 of 3rd period - Shot by Eetu Luostarinen.
8:49 of 3rd period - Stopped by Juuse Saros without a rebound.
8:50 of 3rd period - Aleksander Barkov wins face-off versus Brock Nelson in NASHVILLE Predators zone.
9:17 of 3rd period - Shot by Matthew Tkachuk.
9:17 of 3rd period - Shot Misses the Net.
9:19 of 3rd period - Shot by Brady Skjei.
9:19 of 3rd period - Shot Misses the Net.
9:23 of 3rd period - Shot by Josh Morrissey.
9:23 of 3rd period - Stopped by Juuse Saros without a rebound.
9:24 of 3rd period - Jean-Gabriel Pageau wins face-off versus Carter Verhaeghe in NASHVILLE Predators zone.
9:24 of 3rd period - Jaccob Slavin is hit by Vincent Trocheck and loses puck.
10:40 of 3rd period - Shot by Aleksander Barkov.
10:40 of 3rd period - Stopped by Darcy Kuemper without a rebound.
10:41 of 3rd period - Steven Stamkos wins face-off versus Dylan Larkin in FLORIDA Panthers zone.
11:06 of 3rd period - Shot by Pavel Zacha.
11:06 of 3rd period - Shot Misses the Net.
11:10 of 3rd period - Shot by Dmitry Kulikov.
11:10 of 3rd period - Stopped by Darcy Kuemper without a rebound.
11:11 of 3rd period - Aleksander Barkov wins face-off versus Adam Henrique in FLORIDA Panthers zone.
11:33 of 3rd period - Shot by Aleksander Barkov.
11:33 of 3rd period - Stopped by Darcy Kuemper without a rebound.
11:34 of 3rd period - Dylan Larkin wins face-off versus Steven Stamkos in FLORIDA Panthers zone.
11:34 of 3rd period - Dylan Larkin is hit by Dougie Hamilton.
11:48 of 3rd period - Shot by Dylan Larkin.
11:48 of 3rd period - Stopped by Darcy Kuemper without a rebound.
11:49 of 3rd period - Aleksander Barkov wins face-off versus Vincent Trocheck in FLORIDA Panthers zone.
12:07 of 3rd period - Icing by Esa Lindell.
12:08 of 3rd period - Steven Stamkos wins face-off versus Aleksander Barkov in NASHVILLE Predators zone.
12:09 of 3rd period - Shot by Dougie Hamilton.
12:09 of 3rd period - Stopped by Juuse Saros without a rebound.
12:10 of 3rd period - Dylan Larkin wins face-off versus Steven Stamkos in NASHVILLE Predators zone.
12:10 of 3rd period - Dylan Larkin is hit by Steven Stamkos.
12:15 of 3rd period - Minor Penalty to Steven Stamkos for Hooking.
12:16 of 3rd period - Vincent Trocheck wins face-off versus Aleksander Barkov in FLORIDA Panthers zone.
12:37 of 3rd period - Shot by Brent Burns.
12:37 of 3rd period - Stopped by Darcy Kuemper without a rebound.
12:38 of 3rd period - Dylan Larkin wins face-off versus Vincent Trocheck in FLORIDA Panthers zone.
12:57 of 3rd period - Shot by Travis Hamonic.
12:57 of 3rd period - Shot Misses the Net.
13:09 of 3rd period - Shot by Dylan Larkin.
13:09 of 3rd period - Stopped by Darcy Kuemper without a rebound.
13:10 of 3rd period - Vincent Trocheck wins face-off versus Aleksander Barkov in FLORIDA Panthers zone.
13:10 of 3rd period - Brock Nelson is hit by Aleksander Barkov and loses puck.
13:24 of 3rd period - Shot by Brent Burns.
13:24 of 3rd period - Shot Blocked by Josh Morrissey.
13:26 of 3rd period - Shot by Brent Burns.
13:26 of 3rd period - Shot Blocked by Josh Morrissey.
13:28 of 3rd period - Shot by Aleksander Barkov.
13:28 of 3rd period - Stopped by Darcy Kuemper without a rebound.
13:29 of 3rd period - Dylan Larkin wins face-off versus Vincent Trocheck in FLORIDA Panthers zone.
14:59 of 3rd period - Shot by Alex DeBrincat.
14:59 of 3rd period - Stopped by Darcy Kuemper without a rebound.
15:00 of 3rd period - Dylan Gambrell wins face-off versus Adam Henrique in FLORIDA Panthers zone.
15:30 of 3rd period - Shot by Dylan Gambrell.
15:30 of 3rd period - Shot Blocked by Brady Skjei.
15:39 of 3rd period - Off-side.
15:40 of 3rd period - Dylan Larkin wins face-off versus Steven Stamkos in neutral zone.
15:53 of 3rd period - Shot by Dylan Larkin.
15:53 of 3rd period - Deflect By Pavel Zacha.
15:53 of 3rd period - Stopped by Darcy Kuemper without a rebound.
15:54 of 3rd period - Vincent Trocheck wins face-off versus Aleksander Barkov in FLORIDA Panthers zone.
16:19 of 3rd period - Shot by Vincent Trocheck.
16:19 of 3rd period - Stopped by Juuse Saros without a rebound.
16:20 of 3rd period - Steven Stamkos wins face-off versus Pavel Zacha in NASHVILLE Predators zone.
16:21 of 3rd period - Shot by Matthew Tkachuk.
16:21 of 3rd period - Deflect By Steven Stamkos.
16:21 of 3rd period - Shot Blocked by Dmitry Kulikov.
16:24 of 3rd period - Steven Stamkos is hit by Travis Hamonic and loses puck.
16:27 of 3rd period - Shot by Steven Stamkos.
16:27 of 3rd period - Shot Misses the Net.
16:29 of 3rd period - Shot by Matthew Tkachuk.
16:29 of 3rd period - Stopped by Juuse Saros without a rebound.
16:30 of 3rd period - Steven Stamkos wins face-off versus Dylan Larkin in NASHVILLE Predators zone.
16:31 of 3rd period - Shot by Matthew Tkachuk.
16:31 of 3rd period - Deflect By Steven Stamkos.
16:31 of 3rd period - Shot Misses the Net.
16:35 of 3rd period - Shot by Matthew Tkachuk.
16:35 of 3rd period - Shot Blocked by Esa Lindell.
17:13 of 3rd period - Esa Lindell is hit by Brady Skjei.
17:34 of 3rd period - Icing by Tanner Jeannot.
17:35 of 3rd period - Aleksander Barkov wins face-off versus Vincent Trocheck in NASHVILLE Predators zone.
18:24 of 3rd period - Aleksander Barkov is hit by Vincent Trocheck and loses puck.
18:29 of 3rd period - Ryan McDonagh is hit by Tanner Jeannot and loses puck.
18:56 of 3rd period - Icing by Jean-Gabriel Pageau.
18:57 of 3rd period - Matthew Tkachuk wins face-off versus Jean-Gabriel Pageau in NASHVILLE Predators zone.
19:44 of 3rd period - Off-side.
19:45 of 3rd period - Adam Henrique wins face-off versus Dylan Larkin in neutral zone.
19:48 of 3rd period - Shot by Connor Murphy.
19:48 of 3rd period - Shot Misses the Net.
19:50 of 3rd period - Shot by Eetu Luostarinen.
19:50 of 3rd period - Shot Misses the Net.
19:52 of 3rd period - Shot by Yegor Sharangovich.
19:52 of 3rd period - Stopped by Juuse Saros without a rebound.
19:53 of 3rd period - Aleksander Barkov wins face-off versus Adam Henrique in NASHVILLE Predators zone.
19:59 of 3rd period - Aleksander Barkov is hit by Adam Henrique and loses puck.
Goals for this period are 0 for FLORIDA Panthers vs 0 for NASHVILLE Predators.
Shots for this period are 13 for FLORIDA Panthers vs 12 for NASHVILLE Predators. Output by the SimonT Hockey Simulator (STHS) for Martin Benoit - Original Page W3C HTML5 Valid
Hockey Simulator - Hockey Simulation - Hockey Manager